[Event "*** Titled Tuesday Blitz"]
[Site "Chess.com"]
[Date "2021.03.09"]
[Round "2"]
[White "Aradhya2000"]
[Black "Vaathi_Coming"]
[Result "1/2-1/2"]
[WhiteElo "2534"]
[BlackElo "2811"]
[TimeControl "180+1"]
[EndTime "10:21:40 PST"]
[Termination "Game drawn by repetition"]

1. d4 c6 2. Nf3 Nf6 3. Bf4 d6 4. Nbd2 Bf5 5. h3 g6 6. g4 Bc8 7.
e4 Bg7 8. Bd3 h5 9. g5 Nfd7 10.
Qe2 e5 11. dxe5 dxe5 12. Be3 O-O 13. O-O-O b5 14. Kb1 Na6 15. Nb3 Qe7 16. c4 b4 17.
Na5 Ndc5 18. Nxc6 Qd6 19. Na5 Qc7 20. Nb3 Nxb3 21. axb3 Nc5 22. Bc2 Be6 23. Qd2 a5 24. Qd6 Rfc8 25. Qxc7 Rxc7 26. Rd6 a4 27. Bxc5 axb3 28.
Bxb3 Rxc5 29. Nd2 Bf8 30. Rd3 Rca5 31. Kc2 Bc5 32. f4 exf4 33. Rf1 Be3 34. Rf3 Rxg5 35.
Nf1 Rg2+ 36. Kb1 Rg1 37. Kc2 Rg2+ 38. Kb1 Bb6 39. Rxf4 Bc7 40. Rff3 Be5 41. Rd2 Rxd2 42. Nxd2 Rc8 43. Kc2 Kg7 44. Rd3 g5 45. Nf3 Bf4 46. Nd4 Re8 47. Nxe6+ Rxe6 48. c5 Rc6 49. Rd5 Be3 50. Rf5 Rxc5+ 51. Kd3 Rxf5 52. exf5 Bc1 53. Kc2 Bf4 54. Bd5 Kf6 55. b3 Be5 56. Kd3 g4 57. hxg4 hxg4 58. Ke4 Bd6 59. Bc4 Ke7 60. Kd5 g3 61.
Bf1 Bb8 62. Kc5 Bd6+ 63. Kc6 f6 64. Kb5 Kd7 65. Bg2 Kc7 66. Bf3 Kd8 67. Bg2 Ke7 68. Kc6 Be5 69. Kc5 Bc3 70. Kc6 Kf7 71. Bf3 Kg7 72.
Kd5 Kh6 73. Ke4 Kg5 74. Bh1 Kh4 75. Bg2 Kg4 76. Bf1 Be5 77. Bg2 Kg5 78. Bf1 Kh6 79. Bg2 Kg7 80. Bf1 Kh7 81. Bg2 Kh6 82. Bf1 Kg5 83. Bg2 Kg4 84. Bf1 g2 85. Bxg2 Kg3 86.
Bf1 Bc3 87. Bc4 Kf2 88. Kd5 Ke1 89. Ke6 Kd2 90. Kf7 Kc1 91. Kg6 Kb2 92. Kf7 Ka1 93.
Kg6 Kb2 94. Kf7 Ka1 95. Ke6 Kb2 96. Kd5 Ka1 97. Kc5 Kb2 98. Kb5 Ka1 99. Be6 Kb2 100. Kc4 Ka1 101. Bd5 Kb2 102. Be6 Ka1 103. Bd7 Kb2 104.
Be6 1/2-1/2

[Event "*** Titled Tuesday Blitz"]
[Site "Chess.com"]
[Date "2021.03.09"]
[Round "3"]
[White "Smile2005"]
[Black "LawrenceTrent"]
[Result "1-0"]
[WhiteElo "2389"]
[BlackElo "2545"]
[TimeControl "180+1"]
[EndTime "10:22:43 PST"]
[Termination "Smile2005 won by resignation"]

1. Nf3 d6 2. g3 Nf6 3. Bg2 g6 4. O-O Bg7 5. d3 O-O 6. e4 c5 7. Nc3 Nc6 8. Bg5 h6 9. Bf4 Rb8 10. Qc1 Kh8 11. Bxh6 1-0

[Event "*** Titled Tuesday Blitz"]
[Site "Chess.com"]
[Date "2021.03.09"]
[Round "3"]
[White "K_A_S_T_O_R"]
[Black "GM_LOADING"]
[Result "1-0"]
[WhiteElo "2795"]
[BlackElo "2537"]
[TimeControl "180+1"]
[EndTime "10:23:06 PST"]
[Termination "K_A_S_T_O_R won by resignation"]

1. e4 e5 2. Nf3 Nc6 3. Bb5 g6 4. d4 exd4 5. Bg5 Be7 6. Bxe7 Qxe7 7. Bxc6 dxc6 8. Qxd4 Nf6 9. Nc3 Bg4 10. Nd2 c5 11. Qd3 O-O 12. h3 Rfb8 13. hxg4 1-0

[Event "*** Titled Tuesday Blitz"]
[Site "Chess.com"]
[Date "2021.03.09"]
[Round "3"]
[White "CarrotsandPizza"]
[Black "BegmuratovKh2010"]
[Result "1-0"]
[WhiteElo "2403"]
[BlackElo "2556"]
[TimeControl "180+1"]
[EndTime "10:23:20 PST"]
[Termination "CarrotsandPizza won by resignation"]

1. e4 c5 2. d4 cxd4 3. Nf3 d6 4. Nxd4 Nf6 5. Nc3 g6 6. f4 Bg7 7. e5 dxe5 8. fxe5 Nd5 9. Bb5+ Kf8 10. Bc4 Nb6 11.
Ne6+ 1-0

[Event "*** Titled Tuesday Blitz"]
[Site "Chess.com"]
[Date "2021.03.09"]
[Round "3"]
[White "Alexandr_Kholin"]
[Black "KazakhFighter04"]
[Result "0-1"]
[WhiteElo "2451"]
[BlackElo "2750"]
[TimeControl "180+1"]
[EndTime "10:23:41 PST"]
[Termination "KazakhFighter04 won by resignation"]

1. d4 Nf6 2. c4 g6 3. Nc3 d5 4.
Nf3 Bg7 5. h4 c6 6. cxd5 cxd5 7.
Bf4 Nc6 8. e3 Bg4 9. Be2 Rc8 10.
Qb3 O-O 11. Qxb7 Ne4 12. O-O Bxf3 13. Bxf3 Nd2 14. Rfc1 Nxf3+ 15. gxf3 e5 16. dxe5 Nxe5 17. Qxd5 Rxc3 0-1

[Event "*** Titled Tuesday Blitz"]
[Site "Chess.com"]
[Date "2021.03.09"]
[Round "3"]
[White "Frogo47"]
[Black "DrMamaliga"]
[Result "1-0"]
[WhiteElo "2542"]
[BlackElo "2344"]
[TimeControl "180+1"]
[EndTime "10:23:54 PST"]
[Termination "Frogo47 won by resignation"]

1. e4 e5 2. Nf3 Nc6 3. Bb5 a6 4. Ba4 d6 5. O-O f5 6. exf5 Bxf5 7. d4 b5 8. Bb3 Nf6 9. Re1 e4 10. d5 Ne5 11. Nxe5 dxe5 12. Nc3 a5 1-0

[Event "*** Titled Tuesday Blitz"]
[Site "Chess.com"]
[Date "2021.03.09"]
[Round "3"]
[White "szefru"]
[Black "Deepweb2020"]
[Result "0-1"]
[WhiteElo "2236"]
[BlackElo "2464"]
[TimeControl "180+1"]
[EndTime "10:24:27 PST"]
[Termination "Deepweb2020 won by resignation"]

1. d4 Nf6 2. c3 b6 3. Nf3 Bb7 4. Bf4 e6 5. e3 d5 6. Nbd2 Bd6 7. Bg3 c5 8. Bd3 Qc7 9. O-O Nbd7 10. Rc1 e5 11. dxe5 Nxe5 12. Nxe5 Bxe5 13. Bxe5 Qxe5 14.
Nf3 Qe7 15. Bb5+ Nd7 16. Qa4 a6 17. Bxd7+ Qxd7 18. Qxd7+ Kxd7 19. Rfd1 Ke6 20. h3 Rad8 21.
Rd2 h6 22. Rcd1 Rd6 23. c4 Rhd8 24. cxd5+ Bxd5 25. b3 Bxf3 26. Rxd6+ Rxd6 27. Rxd6+ Kxd6 28. gxf3 c4 29. Kf1 cxb3 30. axb3 Kc5 31. Ke2 Kb4 0-1

[Event "*** Titled Tuesday Blitz"]
[Site "Chess.com"]
[Date "2021.03.09"]
[Round "3"]
[White "ChessWarrior3"]
[Black "Vsevolod_Ovchinnikov"]
[Result "0-1"]
[WhiteElo "2106"]
[BlackElo "2489"]
[TimeControl "180+1"]
[EndTime "10:24:39 PST"]
[Termination "Vsevolod_Ovchinnikov won by resignation"]

1. e4 g6 2. Nc3 Bg7 3. d4 a6 4. f4 b5 5. Nf3 d6 6. Be3 Nd7 7. d5 Bb7 8. Bd4 Ngf6 9. a3 c5 10.
dxc6 Bxc6 11. Bd3 O-O 12. h3 Nc5 13. Bxc5 dxc5 14. e5 Nh5 15. Ne2 c4 0-1

[Event "*** Titled Tuesday Blitz"]
[Site "Chess.com"]
[Date "2021.03.09"]
[Round "3"]
[White "Arvids_Andrejevs"]
[Black "masrahi"]
[Result "1-0"]
[WhiteElo "2407"]
[BlackElo "2205"]
[TimeControl "180+1"]
[EndTime "10:24:47 PST"]
[Termination "Arvids_Andrejevs won by resignation"]

1. e4 e5 2. Nf3 Nc6 3. Nc3 Nf6 4. Bb5 Bc5 5. Nxe5 Nxe5 6. d4 Bb4 7. dxe5 Nxe4 8. Qd4 Nxc3 9. bxc3 Ba5 10. e6 Qe7 11.
Qxg7 Qxe6+ 12. Kd1 Qd5+ 13. Bd3 Qh5+ 14. g4 1-0

[Event "*** Titled Tuesday Blitz"]
[Site "Chess.com"]
[Date "2021.03.09"]
[Round "3"]
[White "juancruzarias"]
[Black "KubaGepard"]
[Result "1-0"]
[WhiteElo "2586"]
[BlackElo "2393"]
[TimeControl "180+1"]
[EndTime "10:24:50 PST"]
[Termination "juancruzarias won by resignation"]

1. e4 c5 2. Nc3 a6 3. a4 d6 4. g3 g6 5. Bg2 Bg7 6. d3 Nc6 7. f4 e5 8. Nh3 Nge7 9. O-O O-O 10. f5 gxf5 11. exf5 Bxf5 12. Rxf5 Nxf5 13. Be4 Nfe7 14.
Bxh7+ Kxh7 15. Qh5+ Kg8 16. Ng5 Re8 17. Qxf7+ Kh8 18. Qh5+ Kg8 19. Qh7+ Kf8 20. Ne6+ Kf7 21. Nxd8+ Raxd8 22. Bh6 Rg8 23. Rf1+ Ke6 24. Bxg7 1-0

[Event "*** Titled Tuesday Blitz"]
[Site "Chess.com"]
[Date "2021.03.09"]
[Round "3"]
[White "Duhless"]
[Black "Gahan-MG"]
[Result "1-0"]
[WhiteElo "3021"]
[BlackElo "2671"]
[TimeControl "180+1"]
[EndTime "10:25:09 PST"]
[Termination "Duhless won by resignation"]

1. d4 Nf6 2. Nf3 g6 3. g3 Bg7 4.
Bg2 O-O 5. O-O d5 6. c3 c5 7. dxc5 Na6 8. b4 Ne4 9. a3 Nxc3 10. Nxc3 Bxc3 11. Bh6 Bxa1 12. Qxa1 f6 13. Bxf8 Qxf8 14. Rd1 e6 15. Nd4 Bd7 16. e4 e5 17. exd5 exd4 18. Qxd4 Rd8 19. d6 Bc8 20. b5 Nb8 21. c6 bxc6 22. bxc6 Nxc6 23. Bxc6 Kg7 24. Qxa7+ Qf7 25. Qxf7+ Kxf7 26. d7 Ba6 27. Re1 1-0

[Event "*** Titled Tuesday Blitz"]
[Site "Chess.com"]
[Date "2021.03.09"]
[Round "3"]
[White "semchik73"]
[Black "eguindy"]
[Result "1-0"]
[WhiteElo "2291"]
[BlackElo "2452"]
[TimeControl "180+1"]
[EndTime "10:25:18 PST"]
[Termination "semchik73 won by resignation"]

1. Nf3 Nf6 2. c4 e6 3. Nc3 d5 4. d4 Be7 5. Bg5 Ne4 6. Bxe7 Qxe7 7. e3 c6 8. Bd3 f5 9. Ne5 Nd7 10. Qh5+ g6 11. Nxg6 Qf7 12. Nf4 Qxh5 13. Nxh5 Nd6 14. cxd5 exd5 15. Ng3 O-O 16. O-O Nf6 17. f3 Bd7 18. e4 fxe4 19. fxe4 dxe4 20. Ngxe4 Ndxe4 21. Nxe4 Nd5 22. Nc5 Rxf1+ 23. Rxf1 Bc8 24. Bc4 b6 25. Ne4 Be6 26. Nf6+ Kg7 27. Nxd5 cxd5 28. Bb3 Rc8 29. Re1 Kf6 30. Re5 Rc1+ 31. Kf2 Rb1 32. Re2 Rd1 33.
Bxd1 1-0

[Event "*** Titled Tuesday Blitz"]
[Site "Chess.com"]
[Date "2021.03.09"]
[Round "3"]
[White "TorFredrikKaasen"]
[Black "LileKoridze"]
[Result "1-0"]
[WhiteElo "2697"]
[BlackElo "2442"]
[TimeControl "180+1"]
[EndTime "10:25:27 PST"]
[Termination "TorFredrikKaasen won by checkmate"]

1. e4 c5 2. Nf3 d6 3. d4 cxd4 4.
Nxd4 Nf6 5. Nc3 Nc6 6. Bc4 e6 7. O-O Be7 8. Bb3 O-O 9. f4 a6 10.
Be3 Qc7 11. f5 b5 12. fxe6 Nxd4 13. exf7+ Kh8 14. Bxd4 Bb7 15. Qd3 b4 16. Nd5 Nxd5 17. Bxd5 Bxd5 18. exd5 Bg5 19. Qg3 Bh6 20. Qh4 Bd2 21.
Bxg7+ Kxg7 22. Qf6# 1-0

[Event "*** Titled Tuesday Blitz"]
[Site "Chess.com"]
[Date "2021.03.09"]
[Round "3"]
[White "Marcin"]
[Black "Lestofante90"]
[Result "1-0"]
[WhiteElo "2526"]
[BlackElo "2737"]
[TimeControl "180+1"]
[EndTime "10:25:35 PST"]
[Termination "Marcin won by resignation"]

1. d4 Nf6 2. c4 e6 3. Nf3 d5 4.
Nc3 Nbd7 5. Bf4 dxc4 6. e4 Nb6 7. Be2 c5 8. O-O a6 9. a4 cxd4 10. Nxd4 Bc5 11. Nc2 Qd5 12. exd5 1-0

[Event "*** Titled Tuesday Blitz"]
[Site "Chess.com"]
[Date "2021.03.09"]
[Round "3"]
[White "Artyom_ChessMate"]
[Black "SanQui14"]
[Result "1-0"]
[WhiteElo "2555"]
[BlackElo "2370"]
[TimeControl "180+1"]
[EndTime "10:25:36 PST"]
[Termination "Artyom_ChessMate won by resignation"]

1. e4 e5 2. Nf3 Nc6 3. Bb5 a6 4. Bxc6 dxc6 5. O-O Bd6 6. d4 exd4 7. Qxd4 Ne7 8. Qxg7 Rg8 9. Qxh7 Qd7 10. Ng5 Qg4 11.
f3 Qd7 12. Qxf7+ Kd8 13. Nc3 Rh8 14. h3 b5 15. Be3 Bb7 16. Rad1 Qe8 17. e5 1-0

[Event "*** Titled Tuesday Blitz"]
[Site "Chess.com"]
[Date "2021.03.09"]
[Round "3"]
[White "ri4mi"]
[Black "cstevens1"]
[Result "0-1"]
[WhiteElo "2414"]
[BlackElo "2610"]
[TimeControl "180+1"]
[EndTime "10:25:51 PST"]
[Termination "cstevens1 won by resignation"]

1. d4 Nf6 2. Nc3 d5 3. Bf4 c5 4. e3 cxd4 5. exd4 a6 6. Nf3 Nc6 7. Be2 Bg4 8. Ne5 Bxe2 9. Nxe2 Rc8 10. O-O e6 11. c3 Bd6 12. Nxc6 Rxc6 13. Bg3 O-O 14.
Nf4 Ne4 15. Nd3 Nxg3 16. hxg3 Qg5 17. Re1 b5 18. a3 Rb8 19. Qf3 a5 20. Qe2 h5 21.
Qf3 b4 22. axb4 axb4 23. cxb4 Bxb4 24. Re5 Qf6 25. Qxf6 gxf6 26. Rxh5 Bd6 27. Ra7 Rb3 28. Ra8+ Kg7 29. Ne1 Rc1 30. Kf1 Bb4 0-1

[Event "*** Titled Tuesday Blitz"]
[Site "Chess.com"]
[Date "2021.03.09"]
[Round "3"]
[White "almo64"]
[Black "XanoushX_X"]
[Result "1-0"]
[WhiteElo "2743"]
[BlackElo "2451"]
[TimeControl "180+1"]
[EndTime "10:25:56 PST"]
[Termination "almo64 won by resignation"]

1. b3 e5 2. Bb2 d6 3. e3 g6 4. f4 Bg7 5. Nf3 Nd7 6. Bc4 Ne7 7. Bxf7+ Kxf7 8. Ng5+ Kg8 9. Ne6 Qe8 10. Nxc7 Qf7 11.
Nxa8 exf4 12. Bxg7 Kxg7 13. O-O Nd5 14. Nc3 N7f6 15. Nxd5 Nxd5 16. c4 Nf6 17. Rxf4 Be6 18. Qf3 Rxa8 19. Rf1 Rf8 20. Rxf6 Qxf6 21. Qxb7+ Rf7 22.
Rxf6 Kxf6 23. Qb8 d5 24. Qf4+ Ke7 25. Qc7+ Kf6 26. Qd8+ Ke5 27. d4+ Ke4 28. Qd6 Bf5 29. Qxd5+ 1-0

[Event "*** Titled Tuesday Blitz"]
[Site "Chess.com"]
[Date "2021.03.09"]
[Round "3"]
[White "ApoIogiA"]
[Black "McCarthyStone"]
[Result "0-1"]
[WhiteElo "2206"]
[BlackElo "2431"]
[TimeControl "180+1"]
[EndTime "10:26:03 PST"]
[Termination "McCarthyStone won by resignation"]

1. d4 g6 2. c4 Bg7 3. f3 Nf6 4. e4 O-O 5. Nc3 Nc6 6. Be3 e5 7. d5 Nd4 8. Nge2 c5 9. dxc6 dxc6 10. Nxd4 exd4 11. Qxd4 Nd5 12. Qd2 Nxe3 13. Qxe3 Qa5 14.
Be2 Rd8 15. Rd1 Be6 16. O-O Qb4 17. Rc1 Qxb2 18. Kh1 Rd2 19. Rfe1 Bd4 0-1

[Event "*** Titled Tuesday Blitz"]
[Site "Chess.com"]
[Date "2021.03.09"]
[Round "3"]
[White "KingCyber19"]
[Black "Andrakhanova"]
[Result "1-0"]
[WhiteElo "2513"]
[BlackElo "2278"]
[TimeControl "180+1"]
[EndTime "10:26:07 PST"]
[Termination "KingCyber19 won by checkmate"]

1. d4 d5 2. c4 e6 3. Nf3 c6 4. Nc3 dxc4 5. g3 Nf6 6. Bg2 Nd5 7. O-O b5 8. Ne5 Qb6 9. a4 Bb7 10. e4 Nb4 11. d5 a6 12. dxe6 Be7 13. Qh5 g6 14.
exf7+ Kf8 15. Bh6# 1-0

[Event "*** Titled Tuesday Blitz"]
[Site "Chess.com"]
[Date "2021.03.09"]
[Round "3"]
[White "Rakesh"]
[Black "Ladislav1969"]
[Result "0-1"]
[WhiteElo "2511"]
[BlackElo "2336"]
[TimeControl "180+1"]
[EndTime "10:26:12 PST"]
[Termination "Ladislav1969 won by checkmate"]

1. g3 d5 2. Bg2 Nf6 3. Nf3 g6 4. O-O Bg7 5. d4 O-O 6. c4 dxc4 7. Nc3 c5 8. e4 cxd4 9. Nxd4 Nxe4 10. Bxe4 Qxd4 11. Qf3 Nc6 12. Bxc6 bxc6 13. Qxc6 Rb8 14.
Be3 Qg4 15. f3 Qh3 16. Rf2 Rxb2 17. Rxb2 Bxc3 18. Rbb1 Be6 19. Rd1 Bxa1 20. Rxa1 Rc8 21. Qe4 c3 22. Rc1 Qf5 23. Qd4 c2 24. Qxa7 Qxf3 25.
Rf1 Qe2 26. Rf2 c1=Q+ 27. Bxc1 Rxc1+ 28. Kg2 Bd5+ 29. Kh3 Qh5# 0-1

[Event "*** Titled Tuesday Blitz"]
[Site "Chess.com"]
[Date "2021.03.09"]
[Round "3"]
[White "tandaleo"]
[Black "jacky72"]
[Result "0-1"]
[WhiteElo "2337"]
[BlackElo "2712"]
[TimeControl "180+1"]
[EndTime "10:26:14 PST"]
[Termination "jacky72 won by resignation"]

1. d4 Nf6 2. c4 g6 3. Nc3 Bg7 4. e4 O-O 5. Be2 d6 6. Nf3 Na6 7. O-O e5 8. d5 Nc5 9. Bg5 h6 10. Bxf6 Bxf6 11. b4 Nd7 12. Nd2 Bg7 13. Nb3 f5 14. f3 f4 15. c5 g5 16. Nb5 a6 17.
Na3 Nf6 18. Rc1 h5 19. cxd6 cxd6 20. Qc2 Rf7 21. Nc4 g4 22. a4 Rc7 23. Qd2 Bd7 24.
Nb6 Rxc1 0-1

[Event "*** Titled Tuesday Blitz"]
[Site "Chess.com"]
[Date "2021.03.09"]
[Round "3"]
[White "tk22h"]
[Black "AliKa2810"]
[Result "0-1"]
[WhiteElo "2343"]
[BlackElo "2539"]
[TimeControl "180+1"]
[EndTime "10:26:14 PST"]
[Termination "AliKa2810 won by resignation"]

1. c4 c6 2. e4 d5 3. exd5 cxd5 4. cxd5 Nf6 5. Nc3 Nxd5 6. Nf3 Nc6 7. d4 Bg4 8. Be2 e6 9. O-O Be7 10. h3 Bh5 11. Qb3 Nb6 12. Rd1 Bxf3 13. Bxf3 Nxd4 14. Rxd4 Qxd4 15. Be3 Qb4 16. Bxb7 Rd8 17. Bc6+ Kf8 18. Qc2 Nc4 19. Bxa7 Rd2 20. Qe4 Qxb2 21. Rb1 Qxc3 22. Rb8+ Rd8 23. Bd4 Qc1+ 24. Kh2 Rxb8 0-1

[Event "*** Titled Tuesday Blitz"]
[Site "Chess.com"]
[Date "2021.03.09"]
[Round "3"]
[White "Leonid_Starozhilov"]
[Black "Hikaru"]
[Result "1/2-1/2"]
[WhiteElo "2694"]
[BlackElo "3165"]
[TimeControl "180+1"]
[EndTime "10:26:19 PST"]
[Termination "Game drawn by repetition"]

1. e4 c6 2. d3 d5 3. Nd2 e5 4. Ngf3 Bd6 5. d4 exd4 6. exd5 c5 7. Bb5+ Bd7 8. Qe2+ Kf8 9. Ne4 Qa5+ 10. Bd2 Qxb5 11.
Qxb5 Bxb5 12. Nxd6 Ba6 13. b4 Ke7 14. bxc5 Nf6 15. Nxd4 Nxd5 16. O-O-O Nc6 17. Nxc6+ bxc6 18. Rhe1+ Kf8 19. c4 Nc7 20. Re3 Ne6 21. Ra3 Bc8 22. Be3 g6 23. Nxc8 Rxc8 24. Rxa7 Kg7 25. Rdd7 Rhf8 26.
a4 Rb8 27. Kc2 Rb4 28. Kc3 Rb1 29. Kc2 Rb4 30. Kc3 Rb1 31. Kc2 Rb4 1/2-1/2

[Event "*** Titled Tuesday Blitz"]
[Site "Chess.com"]
[Date "2021.03.09"]
[Round "3"]
[White "GMBenjaminFinegold"]
[Black "JimmmyZhang"]
[Result "1-0"]
[WhiteElo "2613"]
[BlackElo "2418"]
[TimeControl "180+1"]
[EndTime "10:26:19 PST"]
[Termination "GMBenjaminFinegold won by resignation"]

1. d4 Nf6 2. c4 e6 3. Nc3 Bb4 4. Qc2 d5 5. cxd5 exd5 6. Bg5 c6 7. e3 h6 8. Bh4 Be6 9. Bd3 Nbd7 10. Ne2 O-O 11.
O-O Rc8 12. a3 Bd6 13. Bg3 Bxg3 14. Nxg3 c5 15. dxc5 Nxc5 16. Rad1 d4 17. exd4 Bb3 18. Qe2 Bxd1 19. Rxd1 Nxd3 20. Qxd3 Qb6 21. Nf5 Rfe8 22. Qg3 Nh5 23. Qg4 Qg6 24. Qxg6 fxg6 25. Nd6 Nf4 26. Kf1 Kf8 27. g3 Nh3 28. Nxc8 Rxc8 29. f4 g5 30. Kg2 g4 31. d5 g5 32. f5 Ke7 33. d6+ Kd7 34. f6 Rf8 35. Ne4 1-0

[Event "*** Titled Tuesday Blitz"]
[Site "Chess.com"]
[Date "2021.03.09"]
[Round "3"]
[White "Vugar_Manafov"]
[Black "ljuks68"]
[Result "1-0"]
[WhiteElo "2672"]
[BlackElo "2437"]
[TimeControl "180+1"]
[EndTime "10:26:21 PST"]
[Termination "Vugar_Manafov won by resignation"]

1. d4 d5 2. c4 c6 3. Nc3 Nf6 4. e3 e6 5. Nf3 Nbd7 6. Qc2 Bd6 7. Be2 dxc4 8. Bxc4 b5 9. Be2 Bb7 10. O-O O-O 11. e4 e5 12. dxe5 Nxe5 13. Nh4 b4 14. Rd1 bxc3 15. Nf5 Ne8 16. Qxc3 Qf6 17. f4 Ng6 18.
Nxd6 Nxd6 19. Qxf6 gxf6 20. Rxd6 Rad8 21. Rxd8 Rxd8 22. Be3 c5 23. Bf3 f5 24. exf5 Bxf3 25. fxg6 Be4 26. gxf7+ Kxf7 27. Rc1 Rd3 28. Kf2 1-0

[Event "*** Titled Tuesday Blitz"]
[Site "Chess.com"]
[Date "2021.03.09"]
[Round "3"]
[White "Chernov_Alexander_A"]
[Black "Fortitudine"]
[Result "0-1"]
[WhiteElo "2272"]
[BlackElo "2315"]
[TimeControl "180+1"]
[EndTime "10:26:28 PST"]
[Termination "Fortitudine won by resignation"]

1. Nf3 c5 2. g3 Nf6 3. Bg2 g6 4. O-O Bg7 5. c3 O-O 6. d4 cxd4 7.
cxd4 d5 8. Nc3 Nc6 9. Ne5 e6 10.
Nxc6 bxc6 11. Bf4 Nd7 12. Na4 Re8 13. Rc1 Bb7 14. Nc5 Nxc5 15. Rxc5 e5 16. dxe5 Bxe5 17. Bxe5 Rxe5 18. e3 Qb6 19. Qd4 Rae8 20. Rfc1 h5 21. b4 Ba6 22. Rxc6 Qxd4 23. exd4 Re1+ 24. Bf1 Bxf1 25. Rxe1 Rxe1 26. f3 Bb5+ 27. Kf2 Re2+ 0-1

[Event "*** Titled Tuesday Blitz"]
[Site "Chess.com"]
[Date "2021.03.09"]
[Round "3"]
[White "KarateBaby"]
[Black "zacachess"]
[Result "0-1"]
[WhiteElo "2218"]
[BlackElo "2500"]
[TimeControl "180+1"]
[EndTime "10:26:35 PST"]
[Termination "zacachess won by resignation"]

1. Nf3 Nf6 2. c4 g6 3. Nc3 Bg7 4. e4 d6 5. d4 O-O 6. h3 e5 7.
dxe5 dxe5 8. Qxd8 Rxd8 9. Bg5 Re8 10. Nd5 Nxd5 11. cxd5 c6 12. Bc4 cxd5 13. Bxd5 Nd7 14.
Nd2 Nb6 15. Bb3 Be6 16. O-O Rac8 17. Rac1 Bxb3 18. Nxb3 Nc4 19. Rc2 Nd6 20. Rd2 Nxe4 0-1

[Event "*** Titled Tuesday Blitz"]
[Site "Chess.com"]
[Date "2021.03.09"]
[Round "3"]
[White "Blazinq"]
[Black "Cambek64"]
[Result "1-0"]
[WhiteElo "2591"]
[BlackElo "2395"]
[TimeControl "180+1"]
[EndTime "10:26:39 PST"]
[Termination "Blazinq won by resignation"]

1. e4 c5 2. Nf3 d6 3. d4 cxd4 4. Nxd4 Nf6 5. Nc3 a6 6. Bg5 e6 7. f4 Qc7 8. Bxf6 gxf6 9. Qd2 Nc6 10. Nb3 b5 11. O-O-O Bb7 12. g3 O-O-O 13. Bh3 Kb8 14. Kb1 Be7 15. f5 Bc8 16. Qh6 Rdg8 17. Nd4 Nxd4 18.
Rxd4 Qc5 19. Rhd1 Qe5 20. a4 Bf8 21. Qe3 h5 22. axb5 axb5 23. Rb4 Bd7 24. Qb6+ Kc8 25. Nxb5 Bxb5 26. Rxb5 Qxe4 27. Qb8+ 1-0

[Event "*** Titled Tuesday Blitz"]
[Site "Chess.com"]
[Date "2021.03.09"]
[Round "3"]
[White "SanchezKelvin"]
[Black "Slovak_fighter2000"]
[Result "0-1"]
[WhiteElo "2595"]
[BlackElo "2430"]
[TimeControl "180+1"]
[EndTime "10:26:43 PST"]
[Termination "Slovak_fighter2000 won by resignation"]

1. e4 e6 2. d4 d5 3. Nd2 Nc6 4. Ngf3 Nf6 5. e5 Nd7 6. Bb5 a6 7. Bd3 Nb4 8. O-O c5 9. dxc5 Bxc5 10. Nb3 Nxd3 11. cxd3 Be7 12. Be3 O-O 13. Rc1 b6 14. Qc2 Bb7 15. Qc7 Rb8 16. Qxd8 Rfxd8 17. Rc2 d4 18. Nbxd4 Nc5 19. Rd1 Rbc8 20. b4 Na4 21. Rxc8 Rxc8 22. Rc1 Rxc1+ 23. Bxc1 Bxb4 24. a3 Bc5 25. Kf1 Nc3 26. Ne2 Nb5 27. a4 Bxf3 28. gxf3 Nd4 29.
Nxd4 Bxd4 30. Be3 Bxe5 31. Bxb6 Bxh2 32. Ke2 Kf8 33. Ke3 Bd6 34. Kd4 Ke8 35. Kc4 Kd7 36. Ba5 Kc6 37. Bd2 h5 38. Kd4 h4 0-1

[Event "*** Titled Tuesday Blitz"]
[Site "Chess.com"]
[Date "2021.03.09"]
[Round "3"]
[White "volkanyirik"]
[Black "GelmanAlexander"]
[Result "1/2-1/2"]
[WhiteElo "2409"]
[BlackElo "2584"]
[TimeControl "180+1"]
[EndTime "10:26:45 PST"]
[Termination "Game drawn by repetition"]

1. e4 c5 2. Nc3 e6 3. Bc4 a6 4. a4 Nc6 5. d3 Nf6 6. Ba2 Be7 7. f4 d5 8. e5 Nd7 9. Nf3 O-O 10. O-O b5 11.
Qe1 Nb4 12. Bb1 Bb7 13. Ne2 d4 14. Bd2 Nd5 15. Ba2 bxa4 16. Qg3 Rb8 17. f5 Kh8 18. Ng5 Ne3 19. Bxe3 dxe3 20. f6 gxf6 21. Nxh7 Kxh7 22. Qh4+ Kg7 23. Qg4+ Kh6 24. Qh4+ Kg7 25. Qg4+ Kh6 26. Qh4+ Kg7 1/2-1/2

[Event "*** Titled Tuesday Blitz"]
[Site "Chess.com"]
[Date "2021.03.09"]
[Round "3"]
[White "m_ezat"]
[Black "AniJak"]
[Result "1-0"]
[WhiteElo "2530"]
[BlackElo "2324"]
[TimeControl "180+1"]
[EndTime "10:26:47 PST"]
[Termination "m_ezat won by checkmate"]

1. d4 d5 2. Nf3 Nf6 3. e3 c6 4. c4 e6 5. Nc3 Nbd7 6. Bd3 dxc4 7. Bxc4 b5 8. Bd3 a6 9. e4 c5 10. e5 cxd4 11. Nxb5 axb5 12. exf6 gxf6 13. O-O Qb6 14. Qe2 b4 15. Bf4 Bb7 16. Bg3 Bc5 17. a4 bxa3 18. bxa3 Rxa3 19. Rxa3 Bxa3 20. Rb1 Bxf3 21. Qxf3 Qa7 22.
Qc6 O-O 23. Rb7 Qc5 24. Qxd7 Qc1+ 25. Bf1 e5 26. Bh4 Qf4 27. g3 Qf3 28. Rb3 Qxb3 29.
Qg4+ Kh8 30. Bxf6# 1-0

[Event "*** Titled Tuesday Blitz"]
[Site "Chess.com"]
[Date "2021.03.09"]
[Round "3"]
[White "miredenizdogan"]
[Black "Promacherr"]
[Result "0-1"]
[WhiteElo "2256"]
[BlackElo "2601"]
[TimeControl "180+1"]
[EndTime "10:26:48 PST"]
[Termination "Promacherr won by resignation"]

1. d4 Nf6 2. c4 c5 3. d5 e6 4. Nc3 exd5 5. cxd5 d6 6. e4 g6 7. f4 Bg7 8. Bb5+ Nfd7 9. a4 O-O 10. Nf3 Na6 11.
O-O Nc7 12. Be2 Rb8 13. Nb5 Nxb5 14. axb5 a6 15. bxa6 bxa6 16. Bxa6 Bxb2 17. Bxb2 Rxb2 18. Qd3 Qb6 19. Bxc8 Rxc8 20. Ra6 Qb8 21. Rc1 c4 22. Rxc4 Nc5 23. Qc3 Rb1+ 24. Ne1 Rxe1+ 25. Qxe1 Nxa6 26.
Qc1 Qb6+ 0-1

[Event "*** Titled Tuesday Blitz"]
[Site "Chess.com"]
[Date "2021.03.09"]
[Round "3"]
[White "NicoChasin"]
[Black "rpragchess"]
[Result "0-1"]
[WhiteElo "2629"]
[BlackElo "2912"]
[TimeControl "180+1"]
[EndTime "10:26:49 PST"]
[Termination "rpragchess won by resignation"]

1. e4 Nc6 2. d4 d5 3. Nc3 Nf6 4. e5 Ng8 5. f4 h5 6. Be2 g6 7. Nf3 Nh6 8. Be3 Bg4 9. Ng5 Bxe2 10. Qxe2 e6 11. O-O-O Be7 12. h3 h4 13. g4 hxg3 14. h4 Nf5 15. h5 gxh5 16. Rxh5 Rxh5 17. Qxh5 Bxg5 18. fxg5 Nxe3 19. Re1 Nf5 20. Ne2 Qe7 21. Qh8+ Qf8 22. Qf6 Qg7 23. Qxg7 Nxg7 24. Nxg3 Nxd4 25. Rh1 Ke7 26. Rh7 Rg8 27. c3 Ndf5 28. Ne2 Ne8 29.
Rh5 c5 30. Nf4 Ng3 0-1

[Event "*** Titled Tuesday Blitz"]
[Site "Chess.com"]
[Date "2021.03.09"]
[Round "3"]
[White "Semen_Khanin"]
[Black "albi1999"]
[Result "1-0"]
[WhiteElo "2836"]
[BlackElo "2594"]
[TimeControl "180+1"]
[EndTime "10:26:49 PST"]
[Termination "Semen_Khanin won by checkmate"]

1. e4 e5 2. Nf3 Nc6 3. Bc4 Bc5 4.
O-O Nf6 5. d3 d6 6. c3 a6 7. Bb3 Ba7 8. Nbd2 h6 9. Re1 O-O 10.
h3 Be6 11. Bc2 d5 12. exd5 Nxd5 13. Nxe5 Nxe5 14. Rxe5 c5 15. Nf3 Bb8 16. Re1 Bc7 17. d4 cxd4 18. Qxd4 Qd6 19. Ne5 Rad8 20. Qe4 Nf6 21.
Qh4 Qd5 22. Bxh6 Bxe5 23. Bxg7 Rfe8 24. Qh8# 1-0